 Dungeon Crawl Stone Soup version 0.24.0-125-gc4c63601f3 (webtiles) character file.

Game seed: 5467455523300233578, levelgen mode: deterministic

53 nightchill the Poker (level 3, 0/30 HPs)
             Began as a Merfolk Abyssal Knight on Feb 21, 2020.
             Was a Believer of Lugonu.
             Slain by an adder (2 damage)
             ... on level 2 of the Dungeon.
             The game lasted 00:05:15 (1314 turns).

nightchill the Poker (Merfolk Abyssal Knight)       Turns: 1314, Time: 00:05:15

Health: 0/30       AC:  5    Str: 13    XL:     3   Next: 87%
Magic:  2/4        EV: 12    Int: 11    God:    Lugonu [**....]
Gold:   46         SH:  0    Dex: 13    Spells: 2/2 levels left

rFire    . . .     SeeInvis .   a - +1 spear
rCold    . . .     Gourm    .   (no shield)
rNeg     . . .     Faith    .   i - +0 ring mail
rPois    .         Spirit   .   (no helmet)
rElec    .         Reflect  .   (no cloak)
rCorr    .         Harm     .   (no gloves)
MR       .....                  (no boots)
Stlth    +.........             (no amulet)
HPRegen  0.10/turn              (no ring)
MPRegen  0.09/turn              (no ring)

@: no status effects
A: change form in water, swift swim, stealthy swim
a: Depart the Abyss, Bend Space, Renounce Religion


You were on level 2 of the Dungeon.
You worshipped Lugonu.
Lugonu was pleased with you.
You were not hungry.

You visited 1 branch of the dungeon, and saw 2 of its levels.
You visited the Abyss 1 time.

You collected 46 gold pieces.

Inventory:

Hand Weapons
 a - a +1 spear (weapon)
Missiles
 e - 24 sling bullets
 g - 90 stones (quivered)
Armour
 b - a +0 leather armour
 i - a +0 ring mail (worn)
 m - a +0 buckler
Scrolls
 d - 3 scrolls of immolation {unknown}
 j - 5 scrolls of noise {unknown}
 k - 2 scrolls of amnesia {unknown}
 l - a scroll of remove curse {unknown}
 n - a scroll of identify {unknown}
 p - a scroll of enchant armour {unknown}
Potions
 f - 2 potions of curing {unknown}
 h - a potion of ambrosia {unknown}
 q - 2 potions of degeneration {unknown}
Comestibles
 c - 8 rations


   Skills:
 + Level 3.7 Fighting
 * Level 4.3 Polearms
 - Level 0.6 Armour
 + Level 3.4 Dodging
 + Level 2.6 Invocations


You had 2 spell levels left.
You didn't know any spells.
Your spell library was empty.

Dungeon Overview and Level Annotations

Branches:
Dungeon (2/15)

Altars:
Kikubaaqudgha


Message History

You feel sick. The adder bites you.
Some of the chunks of flesh in your inventory have rotted away.
You feel sick.
You feel sick. The adder misses you. The adder misses you.
You feel sick. The adder barely misses you.
You feel sick.
There is a stone staircase leading up here.
Space bends around you!
You blink.
You feel sick. Space bends around you!
You blink.
You feel sick.
You feel sick.
You feel sick.
You are no longer poisoned.
All of the chunks of flesh in your inventory have rotted away.
Space bends around you!
You blink.
The adder bites you but does no damage. The adder bites you.
You die...

#.....#.........#..)#
###.................#
#........#######..#
######.### #..# #S#
#..# #.# #..### #.#
#(.... #.##########.#
##.##.
#.....ยง.SS@..# #....
############## ####.
## #


You could see 2 adders.

Vanquished Creatures
  An ooze (D:1)
  A worm (D:2)
  2 dart slugs
  A leopard gecko (D:1)
  6 bats
  A giant cockroach (D:1)
  A hobgoblin (D:1)
  7 jackals
  6 kobolds
  6 goblins
  6 rats
38 creatures vanquished.

Notes
Turn   | Place    | Note
-------+----------+-------------------------------------------
     0 | Abyss:1  | nightchill the Merfolk Abyssal Knight began the quest for
                  | the Orb.
     0 | Abyss:1  | Reached XP level 1. HP: 18/18 MP: 2/2
    25 | D:1      | Escaped the Abyss
    96 | D:1      | Reached XP level 2. HP: 24/24 MP: 3/3
   605 | D:1      | Reached ** piety under Lugonu
   628 | D:1      | Reached skill level 4 in Polearms
   628 | D:1      | Reached XP level 3. HP: 29/29 MP: 4/4
   962 | D:2      | Found a faded altar of an unknown god.
  1268 | D:2      | Found an ancient bone altar of Kikubaaqudgha.
  1314 | D:2      | Slain by an adder

Levels and vault maps discovered:
D:1:      wander_arrival_chamber, layout_rooms
D:2:      layout_loops_ring, kiku_gazebo_garden_becter,
          chequers_ecumenical_altar_island, minmay_close_crescents

Skill      XL: |  1  2 |
---------------+-------+-----
Dodging        | 3 |  3.4
Polearms       | 4 |  4.3
Fighting       | |  3.7
Armour         | |  0.6
Invocations    | |  2.6

Action                   || total
-------------------------++-------
Melee: Spear             ||   161
Throw: Stone             ||     1
Invok: Bend Space        ||     3
  Eat: Chunk             ||     1
Armor: Leather armour    ||     3
       Ring mail         ||    32
Dodge: Dodged            ||    78
